 Dungeon Crawl Stone Soup version 0.32-a0-818-gb728d0252e (webtiles) character file.

Game seed: 10809933781164533293

137 greenreed the Shooter (level 5, -3/35 (41) HPs)
             Began as a Coglin Hunter on Mar 24, 2024.
             Killed from afar by Ijyb (14 damage)
             ... with a puff of flame
             ... on level 2 of the Dungeon.
             The game lasted 00:02:53 (1197 turns).

greenreed the Shooter (Coglin Hunter)               Turns: 1197, Time: 00:02:53

HP:   -3/35 (41)    AC:  3    Str: 12    XL:     5   Next: 20%
MP:   5/5           EV: 12    Int:  8    God:
Gold: 96            SH:  0    Dex: 19    Spells: 4/4 levels left

rFire   . . .        a - +2 sling {Mishil}
rCold   . . .        d - +0 sling {Ealdgyð}
rNeg    . . .        c - +0 leather armour
rPois   .            (no helmet)
rElec   .            (no cloak)
rCorr   .            (no gloves)
SInv    .            (no boots)
Will    .....        (amulet unavailable)
Stlth   ++           (ring unavailable)
HPRegen 0.25/turn    (ring unavailable)
MPRegen 0.09/turn    (no gizmo)

%: no passive effects
@: heavily drained, revved
A: off-hand wielding, slow wielding, warmup strikes, no jewellery
a: Invent Gizmo


You were on level 2 of the Dungeon.
You visited 1 branch of the dungeon, and saw 3 of its levels.

You collected 96 gold pieces.

Inventory:

Hand Weapons
 a - a +2 sling (weapon) {Mishil}
 d - a +0 sling (offhand) {Ealdgyð}
Missiles
 l - 5 curare-tipped darts
Armour
 c - a +0 leather armour (worn)
Scrolls
 b - a scroll of butterflies
 g - a scroll of revelation {unknown}
 i - a scroll of enchant weapon {unknown}
 j - 5 scrolls of identify {unknown}
 m - a scroll of poison {unknown}
Potions
 e - a potion of enlightenment {unknown}
 f - 2 potions of attraction {unknown}
 h - a potion of heal wounds {unknown}
 k - a potion of brilliance {unknown}
 n - a potion of haste {unknown}


   Skills:
 + Level 3.0 Fighting
 * Level 4.8 Ranged Weapons
 + Level 2.8 Dodging
 - Level 0.7 Stealth


You had 4 spell levels left.
You didn't know any spells.
Your spell library contained the following spells:

 Spells                   Type           Power      Damage    Failure   Level
 Static Discharge         Conj/Air       0%         3-3/arc   63%         2
 Passwall                 Erth           0%         N/A       86%         3
 Volatile Blastmotes      Fire/Tloc      0%         2d10      86%         3
 Airstrike                Air            0%         2d(0-16)  99%         4
 Summon Lightning Spire   Summ/Air       0%         N/A       99%         4
 Bombard                  Conj/Erth      0%         9d1       100%        6


Dungeon Overview and Level Annotations

Branches:
Dungeon (3/15)

Altars:
Hepliaklqana

Annotations:
D:2 Ijyb
D:3 Robin


Innate Abilities, Weirdness & Mutations

You can wield a second weapon in your off-hand.
It takes a long time for you to wield or remove held weapons.
Your first few attacks do less damage.
You cannot equip rings or amulets.


Message History

Press: ? - help, Q - select action, (/) - cycle Shift-Dir - straight line, f/p - Ijyb
Aim: Ijyb, wielding a +1 dagger of draining, wearing a +0 chain mail and carrying a wand of flame (lightly wounded, strong, 64% to hit)
You shoot a sling bullet. The sling bullet barely misses Ijyb.
You shoot a sling bullet.
The sling bullet hits Ijyb but does no damage.
Ijyb is lightly wounded.
Ijyb completely misses you.
Unknown command.
Fire: a) +2 sling {Mishil}
Press: ? - help, Q - select action, (/) - cycle Shift-Dir - straight line, f/p - Ijyb
Aim: Ijyb, wielding a +1 dagger of draining, wearing a +0 chain mail and carrying a wand of flame (lightly wounded, strong, 64% to hit)
You shoot a sling bullet.
The sling bullet hits Ijyb but does no damage.
Ijyb is lightly wounded.
You shoot a sling bullet. The sling bullet hits Ijyb.
Ijyb is moderately wounded.
Ijyb barely misses you.
Unknown command.
Fire: a) +2 sling {Mishil}
Press: ? - help, Q - select action, (/) - cycle Shift-Dir - straight line, f/p - Ijyb
Aim: Ijyb, wielding a +1 dagger of draining, wearing a +0 chain mail and carrying a wand of flame (moderately wounded, strong, 64% to hit)
You shoot a sling bullet. The sling bullet hits Ijyb.
Ijyb is moderately wounded.
You shoot a sling bullet.
The sling bullet hits Ijyb but does no damage.
Ijyb is moderately wounded.
Ijyb hits you with a +1 dagger of draining.
You feel drained.
Unknown command.
Fire: a) +2 sling {Mishil}
Press: ? - help, Q - select action, (/) - cycle Shift-Dir - straight line, f/p - Ijyb
Aim: Ijyb, wielding a +1 dagger of draining, wearing a +0 chain mail and carrying a wand of flame (moderately wounded, strong, 64% to hit)
You shoot a sling bullet. The sling bullet barely misses Ijyb.
You shoot a sling bullet. The sling bullet barely misses Ijyb.
Ijyb no longer looks unusually strong.
Ijyb closely misses you.
Ijyb zaps a wand.
The puff of flame hits you!
You die...
Ijyb screams, "Time for next experiment!"

#....# #......##############[##
#...†###.......................
#......#####################.##
#<...#............(........#...
#....#####################.÷..#
#..^.# ##########... #....#
##.....#...(.)
####.#############...........)÷
#.##......g@.#..............
##.##..<......#..............
##..##.........#..............
#..............#........[.....
#.#.##........................
####...##......(..#..............
#....†..#####..#####.............
#.......# #..## ##.....#.....#
#.......####.####################


You could see Ijyb.

Vanquished Creatures
  Terence (D:2)
  An iguana (D:2)
  3 adders (D:2)
  A dart slug (D:2)
  A ribbon worm (D:2)
  An orc (D:3)
  2 ball pythons
  3 endoplasms
  2 giant cockroaches
  6 goblins
  6 hobgoblins
  6 kobolds
  4 quokkas
  3 bats
  3 frilled lizards
  7 rats
50 creatures vanquished.

Notes
Turn   | Place    | Note
-------+----------+-------------------------------------------
     0 | D:1      | greenreed the Coglin Hunter began the quest for the Orb.
     0 | D:1      | Reached XP level 1. HP: 16/16 MP: 1/1
   146 | D:1      | Reached XP level 2. HP: 22/22 MP: 2/2
   238 | D:1      | Reached skill level 4 in Ranged Weapons
   503 | D:2      | Reached XP level 3. HP: 28/28 MP: 3/3
   612 | D:2      | Noticed Terence
   627 | D:2      | Killed Terence
   628 | D:2      | Reached XP level 4. HP: 4/34 MP: 4/4
   629 | D:2      | Found a hazy altar of Hepliaklqana.
  1085 | D:3      | Noticed Robin
  1090 | D:3      | Noticed Ijyb
  1110 | D:2      | Reached XP level 5. HP: 22/41 MP: 5/5
  1197 | D:2      | Killed from afar by Ijyb

Illustrated notes

Levels and vault maps discovered:
D:1:      heliophobic_arrival_henge, layout_basic
D:2:      layout_rooms, basic_altar, uniq_terence
D:3:      due_chaos_kobolds, layout_basic, shapermc_ecumenical_altar_acropolis,
          grunt_ministairs_2, minmay_splitting_lines, uniq_ijyb, uniq_robin

Skill      XL: |  1  2  3  4 |
---------------+-------------+-----
Dodging        | 2 |  2.8
Ranged Weapons | 4 |  4.8
Fighting       | 3 |  3.0
Stealth        | |  0.7

Action                     |  1- 3 |  4- 6 || total
---------------------------+-------+-------++-------
   Fire: Sling             |   132 |   126 ||   258
 Armour: Leather armour    |     6 |    20 ||    26
  Dodge: Dodged            |     9 |    20 ||    29

Table legend: (Time is in decaauts)
 A = Elapsed time spent in this place.
 B = Non-inter-level travel time spent in this place.
 C = Inter-level travel time spent in this place.
 D = Time resting spent in this place.
 E = Time spent auto-exploring this place.
 F = Levels seen in this place.
 G = Mean time per level.
                   A        B        C        D        E       F      G
               +--------+--------+--------+--------+--------+-----+--------+
         Total |   1229 |   1216 |     13 |    184 |    764 |   3 |  409.7 |
       Dungeon |   1229 |   1216 |     13 |    184 |    764 |   3 |  409.7 |
               +--------+--------+--------+--------+--------+-----+--------+

Top non-repeatable levels by time:
     D:1: 621 daAuts
     D:2: 534 daAuts
     D:3: 73 daAuts
